Unix NetHack Version 5.0.0-0 post-release - last build May 10 2026 23:12:36 (d1fa5d53e341ca933230fdaa984d921c805b60aa,branch:main).

Game began 2026-05-15 06:51:28, ended 2026-05-15 17:47:38.

Ackbladder, neutral male human Priest

                                                  -----
                                                  |...|          ----------
                                 -------         #-.({|         #...[.....|
                                 |...({|         #||...         #|........|
                                 |.....|        ##---.-         #|........|
                                 |%....|     ####    #          #|........|
                           ######......|     #       #          #|.......>|
              ----------   #     -----.-     #       #          #---|------
              |........|####          #      #       #         ##   ####
  -----       |...(..Y..#             ##     #       #         #       #
  |...|       |...*..@.|               #     #       #         #       ##
  |...|    ##[-........|               #     #       #         # ----.--|----
  |...|   ##  ----------               #     #       #         # |...<......|
  |....####                          --|-----#       #       ### |..........|
  |...|                              |......|#      -|-------#   |..........|
  -----                              |.{....-#      |.......|#   ------------
                                     |......|       |........#
                                     |......|       |.......|
                                     --------       ---------

Ackbladder the Adept         St:15 Dx:9 Co:15 In:9 Wi:18 Ch:10  Neutral
Dlvl:8  $:709 HP:0(58) Pw:20(70) AC:3  Xp:6 T:3603  Burdened

Latest messages:
 You miss the orc shaman.
 The orc shaman points all around, then curses.
 You hit the orc shaman.
 The orc shaman points all around, then curses.
 The orc shaman points at you, then curses.
 You miss the orc shaman.
 The orc shaman points all around, then curses.
 You hit the orc shaman!
 The orc shaman points at you, then curses.
 You kill the orc shaman!
 Welcome to experience level 6.
 In what direction? .
 You feel better.
 There is an open door here.
 You see here an orc shaman corpse.
 There is an orc shaman corpse here; eat it? [ynq] (n) y
 This orc shaman corpse is tough.
 You stop eating the orc shaman corpse.
 The gnome mummy hits!
 You miss the gnome mummy.
 The gnome mummy hits!
 You miss the gnome mummy.
 You hit the gnome mummy!
 The gnome mummy misses!
 You destroy the gnome mummy!
 There is a partly eaten orc shaman corpse here; eat it? [ynq] (n) y
 You resume your meal.
 You finish eating the orc shaman corpse.
 You feel a mild buzz.
 You see here a mummy wrapping.
 Where do you want to travel to?
 (For instructions type a '?')
 The owlbear hits!
 The owlbear misses!
 The owlbear hits!
 The owlbear just misses!
 In what direction? 8
 The magic missile hits the owlbear!
 The magic missile bounces!
 The magic missile misses the owlbear.
 The magic missile hits you!
 The owlbear hits!
 The owlbear hits again!
 The owlbear grabs you!
 The owlbear hits!
 The owlbear hits again!
 You are being crushed.
 You die...
 Do you want your possessions identified? [ynq] (y) y
 Do you want to see your attributes? [ynq] (y) q

Inventory:
 Coins    ('$')
  $ - 709 gold pieces
 Amulets  ('"')
  G - a cursed amulet of change
  p - an amulet of unchanging (being worn)
 Weapons  (')')
  v - a +0 dagger
  a - a blessed +1 mace (weapon in left hand)
  r - a +0 mace
 Armor    ('[')
  j - a +0 orcish helm
  q - a +0 pair of gauntlets of dexterity (being worn)
  c - a +0 small shield (being worn)
  b - a +0 robe (being worn)
  m - a blessed +1 leather armor (being worn)
 Comestibles  ('%')
  e - a clove of garlic
  o - 5 food rations
  i - a lembas wafer
  f - a sprig of wolfsbane
  N - 2 cursed rotten tins of leprechaun meat
 Scrolls  ('?')
  B - 2 scrolls of confuse monster
  E - a scroll of enchant armor
  u - 2 scrolls of enchant weapon
  K - a blessed scroll of identify
  x - 2 scrolls of remove curse
  H - a cursed scroll of remove curse
  A - a scroll of teleportation
 Spellbooks  ('+')
  C - a spellbook of blank paper
  L - a blessed spellbook of cause fear
  g - a spellbook of detect monsters
  F - a spellbook of detect monsters
  k - a blessed spellbook of force bolt
  I - a blessed spellbook of healing
  n - a cursed spellbook of healing
  J - a blessed spellbook of magic missile
  h - a spellbook of remove curse
 Potions  ('!')
  z - a blessed potion of sickness
  M - a potion of water
 Rings    ('=')
  s - a +0 ring of adornment
 Wands    ('/')
  D - a wand of digging (0:3)
  l - a wand of make invisible (0:7)
 Tools    ('(')
  y - a magic marker (0:93)
  w - a mirror
 Gems/Stones  ('*')
  t - a worthless piece of black glass

Ackbladder the Priest's attributes:

Background:
 You were an Adept, a level 6 human Priest.
 You were neutral, on a mission for Venus
 who was opposed by Mercury (lawful) and Mars (chaotic).
 You were left-handed.
 You were in the Dungeons of Doom, on level 8.
 You entered the dungeon 3603 turns ago.
 You had 347 experience points, 293 more were needed to attain level 7.

Basics:
 You had 0 out of 58 hit points.
 You had 20 out of 70 energy points (spell power).
 Your armor class was 3.
 Your wallet contained 709 zorkmids.
 Autopickup was off.

Final Characteristics:
 Your strength was 15 (limit:18/100).
 Your dexterity was 9 (limit:18).
 Your constitution was 15 (limit:18).
 Your intelligence was 9 (limit:18).
 Your wisdom was 18 (limit:18).
 Your charisma was 10 (limit:18).

Final Status:
 You were held by an owlbear (north).
 You weren't hungry.
 You were burdened; movement was slightly slowed.
 You were wielding a mace.
 You were skilled in mace.

Final Attributes:
 You were piously aligned.
 You were guarded.
 Your spell casting was enhanced by wearing a robe.
 You couldn't change from your current form.
 You are dead.

Miscellaneous:
 You didn't encounter any bones levels.
 Total elapsed playing time was 47 minutes and 59 seconds.

Major events:
 Turn
    1: Ackbladder the neutral human Priest entered the dungeon
  828: entered the Gnomish Mines
 1166: attained the rank of Acolyte (level 3)
 3506: attained the rank of Adept (level 6)
 3603: killed by an owlbear

Spells:
 Name                 Level Category     Fail Retention
 detect monsters        1   divination     0%  76%-100%
 remove curse           3   clerical       0%   81%-90%
 force bolt             1   attack         0%  76%-100%
 healing                1   healing        0%  76%-100%
 magic missile          2   attack        19%  76%-100%

Skills:
 Fighting Skills
   bare handed combat [Unskilled]
 Weapon Skills
   club               [Unskilled]
   mace               [Skilled]
   morning star       [Unskilled]
   flail              [Unskilled]
   hammer             [Unskilled]
   quarterstaff       [Unskilled]
   polearms           [Unskilled]
   spear              [Unskilled]
   trident            [Unskilled]
   lance              [Unskilled]
   bow                [Unskilled]
   sling              [Unskilled]
   crossbow           [Unskilled]
   dart               [Unskilled]
   shuriken           [Unskilled]
   boomerang          [Unskilled]
   unicorn horn       [Unskilled]
 Spellcasting Skills
   healing spells     [Unskilled]
   divination spells  [Unskilled]
   clerical spells    [Basic]

Voluntary challenges:
 Character rerolling was not enabled.
 You never genocided any monsters.
 You never polymorphed an object.
 You never changed form.
 You used no wishes.
Achievements:
 You entered the Gnomish Mines.
 You attained the rank of Acolyte.
 You entered a shop.
 You attained the rank of Adept.

 The Dungeons of Doom: levels 1 to 9
    Level 1:
       A grave.
    Level 2:
       A grave.
    Level 3:
       Stairs down to The Gnomish Mines.
    Level 4:
       A fountain.
    Level 5:
       A weapon shop, some fountains.
    Level 6:
       A fountain.
    Level 7:
    Level 8: <- You were here.
       Some fountains, a sink, a grave.
       Final resting place for
          you, killed by an owlbear.
    Level 9:
 The Gnomish Mines:
    Level 4:


Vanquished creatures:
  a small mimic
  a giant beetle
  a blue jelly
  a gnome mummy
 an imp
 an orc shaman
  a rock piercer
  a rock mole
  a fog cloud
  a yellow light
  a gnome leader
  a dwarf
  a kobold shaman
 an orc zombie
 an iguana
 an acid blob
  a gas spore
  a hobbit
  a giant rat
  a brown mold
  a red mold
  2 geckos
  3 jackals
  2 foxes
  a goblin
  a grid bug
  7 lichens
  3 newts
40 creatures vanquished.

No species were genocided or became extinct.

Game over:
                       ----------
                      /          \
                     /    REST    \
                    /      IN      \
                   /     PEACE      \
                  /                  \
                  |    Ackbladder    |
                  |      709 Au      |
                  |   killed by an   |
                  |     owlbear      |
                  |                  |
                  |                  |
                  |       2026       |
                 *|     *  *  *      | *
        _________)/\\_//(\/(/\)/\//\/|_)_______

Goodbye Ackbladder the Priest...

You died in The Dungeons of Doom on dungeon level 8 with 2437 points,
and 709 pieces of gold, after 3603 moves.
You were level 6 with a maximum of 58 hit points when you died.

